 Dungeon Crawl Stone Soup version 0.23-a0-703-gdf2d5e0dd9 (webtiles) character file.

25 Hercules1031 the Cutter (level 3, -3/31 HPs)
             Began as a Gnoll Wanderer on Jan 13, 2019.
             Slain by an adder (4 damage)
             ... on level 2 of the Dungeon.
             The game lasted 00:03:53 (774 turns).

Hercules1031 the Cutter (Gnoll Wanderer)             Turns: 774, Time: 00:03:53

Health: -3/31      AC:  2    Str: 19    XL:     3   Next: 4%
Magic:  7/7        EV: 11    Int: 13    God:
Gold:   15         SH:  0    Dex: 11    Spells: 6/7 levels left

rFire    . . .     SeeInvis .   c - +0 short sword
rCold    . . .     Gourm    .   (no shield)
rNeg     . . .     Faith    .   d - +0 robe
rPois    .         Spirit   .   (no helmet)
rElec    .         Reflect  .   (no cloak)
rCorr    .         Harm     .   (no gloves)
MR       .....                  (no boots)
Stlth    ++........             i - amulet of inaccuracy (curse)
HPRegen  0.10/turn              (no ring)
MPRegen  0.10/turn              (no ring)

@: lethally poisoned (-3 -> -14)
A: distributed training, fangs 1, strong nose
a: no special abilities


You were on level 2 of the Dungeon.
You were not hungry.

You visited 1 branch of the dungeon, and saw 2 of its levels.

You collected 15 gold pieces.

Inventory:

Hand Weapons
 c - a +0 short sword (weapon)
Armour
 d - a +0 robe (worn)
Jewellery
 i - a cursed amulet of inaccuracy (around neck)
Scrolls
 a - a scroll of fog
 h - a scroll of identify
Potions
 b - a potion of lignification
 e - a potion of degeneration {unknown}
Comestibles
 f - 2 rations


   Skills:
 + Level 4.5 Fighting
 + Level 6.5 Short Blades
 + Level 0.5 Long Blades
 + Level 0.5 Axes
 + Level 0.5 Maces & Flails
 + Level 0.5 Polearms
 + Level 0.5 Staves
 + Level 0.5 Slings
 + Level 0.5 Bows
 + Level 0.5 Crossbows
 + Level 0.5 Throwing
 + Level 0.5 Armour
 + Level 0.5 Dodging
 + Level 2.3 Stealth
 + Level 0.5 Shields
 + Level 0.5 Unarmed Combat
 + Level 2.7 Spellcasting
 + Level 0.4 Conjurations
 + Level 3.7 Hexes
 + Level 0.4 Charms
 + Level 0.4 Summonings
 + Level 0.4 Necromancy
 + Level 0.4 Translocations
 + Level 0.4 Transmutations
 + Level 0.4 Fire Magic
 + Level 0.4 Ice Magic
 + Level 0.4 Air Magic
 + Level 0.4 Earth Magic
 + Level 0.4 Poison Magic
 + Level 0.7 Invocations
 + Level 2.5 Evocations


You had 6 spell levels left.
You knew the following spells:

 Your Spells              Type           Power        Failure   Level  Hunger
a - Corona                Hex            ##.....      4%          1    #......

Your spell library contained the following spells:

 Spells                   Type           Power        Failure   Level  Hunger
 Ensorcelled Hibernation  Hex/Ice        #.....       16%         2    ###....
 Confuse                  Hex            ##......     16%         3    ###....
 Tukima's Dance           Hex            ##......     16%         3    ###....
 Dazzling Spray           Conj/Hex       #.....       30%         3    ###....


Dungeon Overview and Level Annotations

Branches:
Dungeon (2/15)

Altars:


Innate Abilities, Weirdness & Mutations

Your experience applies equally to all skills.
You have very sharp teeth.
Your uncanny sense of smell can sniff out nearby items.


Message History

You feel sick. The giant cockroach closely misses you. The adder bites you.
* * * LOW HITPOINT WARNING * * *
The giant cockroach bites you but does no damage.
The adder closely misses you. The adder bites you but does no damage.
The giant cockroach bites you but does no damage.
You see here a rat corpse.
* * * LOW HITPOINT WARNING * * *
You feel sick.
You barely miss the adder. You bite the adder.
The adder is moderately wounded.
* * * LOW HITPOINT WARNING * * *
You feel sick. The adder bites you.
* * * LOW HITPOINT WARNING * * *
You are more poisoned.
The adder poisons you!
You hit the adder.
The adder is heavily wounded.
* * * LOW HITPOINT WARNING * * *
You feel sick. The adder bites you.
You die...

........ ###.
#.#...####..........# #
...#.. ....# ....... ##
#...###...##....... .#
#.......#.......... .#
#...#............. .#
#.....##.......... .#
###.†..#...s....# .##
#...##.#.#.S@#
..###.#.##.....##.!#
#....................#
##...##.................
#...##..............###
.....................#
........####..........
##......[. .....#######
####.#....####..


You could see an adder and a giant cockroach.

Vanquished Creatures
  An ooze (D:1)
  2 dart slugs
  A leopard gecko (D:1)
  A bat (D:1)
  A giant cockroach (D:1)
  2 goblins (D:1)
  2 hobgoblins (D:1)
  2 frilled lizards (D:1)
  4 rats
16 creatures vanquished.

Notes
Turn   | Place    | Note
-------+----------+-------------------------------------------
     0 | D:1      | Hercules1031 the Gnoll Wanderer began the quest for the
                  | Orb.
     0 | D:1      | Hercules1031 set off with the following items: a potion of
                  | lignification, a +0 short sword, a +0 robe, a ration; and
                  | the following spell memorised: Corona; and the following
                  | spells available to memorise: Confuse, Tukima's Dance,
                  | Ensorcelled Hibernation, Dazzling Spray
     0 | D:1      | Reached XP level 1. HP: 20/20 MP: 4/4
   158 | D:1      | Reached XP level 2. HP: 17/26 MP: 3/5
   751 | D:2      | Reached XP level 3. HP: 30/31 MP: 7/7
   773 | D:2      | HP: 1/31 [adder (3)]
   774 | D:2      | Slain by an adder

Vault maps used:
D:1:      dpeg_arrival_tiny_j
D:2:      makhleb_blood_cavern_becter

Action                   || total
-------------------------++-------
Melee: Short sword       ||    67
       Bite              ||    10
 Cast: Corona            ||     8
  Use: Scroll            ||     3
Armor: Robe              ||    23
Dodge: Dodged            ||    55

Table legend:
 A = Non-vault XP
 B = Vault XP
 C = Vault XP percentage of total XP
 D = Non-vault monster count
 E = Vault monster count
 F = Vault count percentage of total count
                 A         B        C        D         E       F
            +---------+---------+-------+---------+---------+-------
      Total |      36 |       0 |   0.0 |      16 |       0 |   0.0
            +---------+---------+-------+---------+---------+-------
        D:1 |      31 |       0 |   0.0 |      14 |       0 |   0.0
        D:2 |       5 |       0 |   0.0 |       2 |       0 |   0.0
            +---------+---------+-------+---------+---------+-------
